 Dungeon Crawl Stone Soup version 0.27-a0-1308-gc08437e49b (webtiles) character file.

Game seed: 201138857026800422

60 hatdisgam the Ruffian (level 4, -6/39 HPs)
             Began as a Naga Transmuter on June 18, 2021.
             Mangled by a gnoll (12 damage)
             ... on level 2 of the Dungeon.
             The game lasted 00:03:27 (3106 turns).

hatdisgam the Ruffian (Naga Transmuter)             Turns: 3106, Time: 00:03:28

Health: -6/39      AC:  2    Str: 13    XL:     4   Next: 6%
Magic:  7/7        EV:  9    Int: 14    God:
Gold:   57         SH:  0    Dex: 11    Spells: 3/7 levels left

rFire    . . .     SeeInvis +     - Unarmed
rCold    . . .     Faith    .   (no shield)
rNeg     . . .     Spirit   .   a - +0 robe
rPois    +         Reflect  .   (helmet currently unavailable)
rElec    .         Harm     .   (no cloak)
rCorr    .         Rampage  .   (no gloves)
Will     .....                  (no barding)
Stlth    +.........             (no amulet)
HPRegen  0.13/turn              (no ring)
MPRegen  0.10/turn              (no ring)

@: appendages (expiring), very slow
A: horns 2, AC +1, large, see invisible, deformed body, poison resistance,
slowness 2, spit poison 1, naga tail 1
a: Spit Poison, End Transformation


You were on level 2 of the Dungeon.
You had temporarily grown beastly horns.
You visited 1 branch of the dungeon, and saw 2 of its levels.

You collected 57 gold pieces.

Inventory:

Armour
 a - a +0 robe (worn)
Scrolls
 c - a scroll of vulnerability {unknown}
 d - 2 scrolls of identify {unknown}
 e - a scroll of summoning {unknown}
 f - a scroll of acquirement {unknown}
 i - a scroll of brand weapon {unknown}
Potions
 b - a potion of invisibility {unknown}
 g - a potion of brilliance {unknown}
 h - a potion of curing {unknown}


   Skills:
 + Level 1.9 Fighting
 - Level 1.5 Dodging
 * Level 4.0 Unarmed Combat
 - Level 2.0 Spellcasting
 + Level 2.7 Transmutations


You had 3 spell levels left.
You knew the following spells:

 Your Spells              Type           Power      Damage    Failure   Level
a - Beastly Appendage     Tmut           18%        N/A       8%          1
b - Spider Form           Tmut/Pois      2%         N/A       38%         3

Your spell library contained the following spells:

 Spells                   Type           Power      Damage    Failure   Level
 Wereblood                Tmut           9%         N/A       12%         2
 Ice Form                 Ice/Tmut       5%         N/A       80%         4


Dungeon Overview and Level Annotations

Branches:
Dungeon (2/15)

Altars:


Innate Abilities, Weirdness & Mutations

You have temporarily grown beastly horns.
Your serpentine skin is tough. (AC +1)
You have supernaturally acute eyesight. (SInv)
Armour fits poorly on your strangely shaped body.
Your system is resistant to poisons. (rPois)
You cover ground very slowly.
You can spit poison.
You have a snake-like lower body.


Message History

The gnoll throws a stone.
The stone hits you.
* * * LOW HITPOINT WARNING * * *
There is a stone staircase leading up here.
You climb upwards.
There is a stone staircase leading down here.
Unknown command.
You start resting.
HP restored.
Casting: Beastly Appendage (safe; 8% risk of failure)
Confirm with . or Enter, or press ? or * to list all spells.
You grow a pair of large bovine horns.
Unknown command.
You climb downwards.
There is a stone staircase leading up here.
Unknown command.
Press: ? - help, Shift-Dir - straight line, f - gnoll
Aim: a gnoll, wielding a +2 vorpal flail, wearing a +0 leather armour and quivering stones The splash of poison hits the gnoll.
The gnoll is poisoned.
The gnoll is lightly wounded.
Unknown command.
Your transformation is almost over.
You hit the gnoll but do no damage.
The gnoll is lightly wounded.
The gnoll hits you with a +2 vorpal flail!
You hit the gnoll.
The gnoll is heavily wounded.
The gnoll hits you with a +2 vorpal flail.
You closely miss the gnoll.
The gnoll is heavily wounded.
The gnoll hits you with a +2 vorpal flail.
You hit the gnoll but do no damage.
The gnoll is severely wounded.
The gnoll hits you with a +2 vorpal flail.
* * * LOW HITPOINT WARNING * * *
x2 Unknown command.
You hit the gnoll but do no damage. You headbutt the gnoll.
The gnoll is almost dead.
You have got your breath back.
The gnoll hits you with a +2 vorpal flail!
You die...

...## ........ ....8... ##
#.....#### #. #...##..# #.
#......# ##. ###########.....@###
#.. ........†.#.....g(.# #.#
...######........#.#### ##..
##.### ###...........# ##...
#...######.........#.##### #....
###.#....................###....
####.......###..#.#.#####........
...........###.##.#.# ##.........
.............#.##...# #..###..#..


You could see a gnoll (poisoned).

Vanquished Creatures
  A gnoll (D:1)
  4 bats
  8 endoplasms
  2 giant cockroaches (D:2)
  6 goblins
  4 hobgoblins
  3 jackals (D:1)
  3 kobolds
  3 quokkas
  5 ball pythons
  A frilled lizard (D:2)
  2 rats (D:1)
42 creatures vanquished.

Notes
Turn   | Place    | Note
-------+----------+-------------------------------------------
     0 | D:1      | hatdisgam the Naga Transmuter began the quest for the Orb.
     0 | D:1      | Reached XP level 1. HP: 18/18 MP: 3/3
   404 | D:1      | Reached XP level 2. HP: 17/25 MP: 3/5
   699 | D:1      | You fall into a shaft and drop 1 floor!
  1164 | D:1      | Reached XP level 3. HP: 28/31 MP: 6/6
  1168 | D:1      | Learned a level 3 spell: Spider Form
  2749 | D:2      | Reached XP level 4. HP: 36/39 MP: 7/7
  2784 | D:2      | Reached skill level 4 in Unarmed Combat
  3106 | D:2      | Mangled by a gnoll

Illustrated notes

Levels and vault maps discovered:
D:1:      lemuel_arrival_river_ford, layout_basic
D:2:      layout_rooms, serial_rivers, chequers_serial_rivers_small_a,
          chequers_serial_rivers_marsh, chequers_serial_rivers_room_a,
          chequers_serial_rivers_room_a, grunt_ministairs_12

Skill      XL: |  1  2  3  4 |
---------------+-------------+-----
Unarmed Combat | 4 |  4.0
Fighting       | |  1.9
Dodging        | |  1.5
Spellcasting   | |  2.0
Transmutations | |  2.7

Action                   |  1- 3 |  4- 6 || total
-------------------------+-------+-------++-------
Melee: Unarmed           |   112 |    19 ||   131
       Headbutt          |     5 |     2 ||     7
 Cast: Beastly Appendage |     7 |     2 ||     9
 Abil: Spit Poison       |     9 |     1 ||    10
 Stab: Sleeping          |     1 |       ||     1
Armor: Robe              |    23 |     4 ||    27
Dodge: Dodged            |    45 |     5 ||    50

Table legend: (Time is in decaauts)
 A = Elapsed time spent in this place.
 B = Non-inter-level travel time spent in this place.
 C = Inter-level travel time spent in this place.
 D = Time resting spent in this place.
 E = Time spent auto-exploring this place.
 F = Levels seen in this place.
 G = Mean time per level.
                   A        B        C        D        E       F      G
               +--------+--------+--------+--------+--------+-----+--------+
         Total |   3551 |   3465 |     86 |    770 |   2275 |   2 | 1775.5 |
       Dungeon |   3551 |   3465 |     86 |    770 |   2275 |   2 | 1775.5 |
               +--------+--------+--------+--------+--------+-----+--------+

Top non-repeatable levels by time:
     D:1: 2353 daAuts
     D:2: 1198 daAuts
